 Dungeon Crawl Stone Soup version 0.28.0-43-g3370ac3207 (webtiles) character file.

Game seed: 11174605849456680826

159 tizbic2 the Cudgeller (level 5, -3/50 HPs)
             Began as a Troll Gladiator on Mar 12, 2022.
             Slain by a gnoll
             ... wielding a +0 halberd
              (15 damage)
             ... on level 3 of the Dungeon.
             The game lasted 00:08:11 (1591 turns).

tizbic2 the Cudgeller (Troll Gladiator)             Turns: 1591, Time: 00:08:12

Health: -3/50      AC:  4    Str: 24    XL:     5   Next: 17%
Magic:  13/13      EV: 11    Int:  4    God:
Gold:   97         SH:  0    Dex: 17    Spells: 4/4 levels left

rFire   . . .      SeeInvis .   k - +0 war axe
rCold   . . .      Faith    .   (no shield)
rNeg    . . .      Spirit   .   b - +0 robe
rPois   .          Reflect  .   c - +0 hat
rElec   .          Harm     .   (no cloak)
rCorr   .          Rampage  .   (gloves unavailable)
Will    .....                   (boots unavailable)
Stlth   ++........              (no amulet)
HPRegen 0.96/turn               f - +6 ring of dexterity
MPRegen 0.13/turn               g - ring of magical power

@: no status effects
A: large, unfitting armour, claws 3, regeneration 1, shaggy fur 1, tough skin 1
a: no special abilities


You were on level 3 of the Dungeon.
You visited 1 branch of the dungeon, and saw 3 of its levels.

You collected 97 gold pieces.

Inventory:

Hand Weapons
 a - a +0 flail
 k - a +0 war axe (weapon)
Missiles
 d - 3 throwing nets
 e - 51 stones (quivered)
Armour
 b - a +0 robe (worn)
 c - a +0 hat (worn)
Jewellery
 f - a +6 ring of dexterity (left claw)
 g - a ring of magical power (right claw)
Scrolls
 h - a scroll of fear
 i - 2 scrolls of identify
Potions
 j - a potion of curing {unknown}
 l - a potion of heal wounds {unknown}


   Skills:
 + Level 2.3 Fighting
 * Level 3.7 Maces & Flails
 * Level 3.1 Throwing
 + Level 3.0 Dodging


You had 4 spell levels left.
You didn't know any spells.
Your spell library contained the following spells:

 Spells                   Type           Power      Damage    Failure   Level
 Blink                    Tloc           0%         N/A       65%         2
 Call Canine Familiar     Summ           0%         N/A       86%         3
 Lesser Beckoning         Tloc           0%         N/A       86%         3
 Portal Projectile        Hex/Tloc       0%         N/A       86%         3
 Leda's Liquefaction      Hex/Erth       0%         N/A       99%         4
 Manifold Assault         Tloc           0%         N/A       100%        5


Dungeon Overview and Level Annotations

Branches:
Dungeon (3/15)

Altars:

Shops:
D:2 [(=

Annotations:
D:3 Grinder


Innate Abilities, Weirdness & Mutations

You are too large for most types of armour.
You have claws for hands.
Your natural rate of healing is unusually fast.
You are covered in fur. (AC +1)
You have tough skin. (AC +1)


Message History

A gnoll comes into view. It is wielding a +0 spear.
The gnoll shouts!
Found 4 gold pieces.
Found a stone staircase leading down.
You slash the gnoll!
You kill the gnoll!
A gnoll comes into view. It is wielding a +0 halberd.
A gnoll comes into view. It is wielding a +0 spear.
Your Dodging skill increases to level 3!
The gnoll hits you from afar with a +0 spear!
You see here a +0 flail.
The gnoll hits you with a +0 spear.
You hit the gnoll.
The gnoll is moderately wounded.
The gnoll closely misses you. The gnoll hits you with a +0 spear.
You hit the gnoll but do no damage.
The gnoll is moderately wounded.
The gnoll hits you from afar with a +0 spear.
The gnoll barely misses you. The gnoll hits you with a +0 spear.
You slash the gnoll!
The gnoll is almost dead.
The gnoll hits you from afar with a +0 spear.
The gnoll barely misses you. The gnoll closely misses you.
The gnoll hits you from afar with a +0 spear.
You slash the gnoll!
You kill the gnoll!
The gnoll closely misses you. x3
The gnoll hits you from afar with a +0 spear.
The gnoll hits you but does no damage.
You see here a +0 spear.
You closely miss the gnoll. The gnoll closely misses you.
The gnoll barely misses you.
You slash the gnoll!
The gnoll is almost dead.
The gnoll hits you from afar with a +0 spear.
The gnoll hits you with a +0 halberd. The gnoll barely misses you.
The gnoll hits you with a +0 halberd.
* * * LOW HITPOINT WARNING * * *
The gnoll barely misses you.
The gnoll hits you from afar with a +0 halberd!
You die...

########.
#<.......
#.####...
#.# #)# #
.
#@#.#....
#).....#
#g.g..##
......#
##........
$.>...##.
..#####
..# ...#


You could see 2 gnolls.

Vanquished Creatures
  Natasha (thrice) (D:2)
  An adder (D:2)
  2 gnolls (D:3)
  2 worms (D:2)
  2 dart slugs
  4 ball pythons
  4 endoplasms
  5 giant cockroaches
  7 goblins
  2 hobgoblins (D:2)
  2 kobolds (D:2)
  3 quokkas
  5 bats
  2 rats (D:2)
44 creatures vanquished.

Notes
Turn   | Place    | Note
-------+----------+-------------------------------------------
     0 | D:1      | tizbic2 the Troll Gladiator began the quest for the Orb.
     0 | D:1      | Reached XP level 1. HP: 19/19 MP: 0/0
   213 | D:1      | Reached XP level 2. HP: 27/28 MP: 1/1
   312 | D:1      | Found a faded altar of an unknown god.
   570 | D:2      | Reached XP level 3. HP: 30/35 MP: 2/2
   614 | D:2      | Found Qyum's Antique Armour Shoppe.
   747 | D:2      | Found Vifusal's Weapon Boutique.
   984 | D:2      | Found Nesik's Jewellery Shop.
  1195 | D:2      | Noticed Natasha
  1204 | D:2      | Killed Natasha
  1205 | D:2      | Reached XP level 4. HP: 42/42 MP: 3/3
  1237 | D:2      | Noticed Natasha
  1250 | D:2      | Killed Natasha
  1431 | D:2      | Noticed Natasha
  1444 | D:2      | Killed Natasha
  1445 | D:2      | Reached XP level 5. HP: 19/49 MP: 4/4
  1525 | D:3      | Noticed Grinder
  1591 | D:3      | Slain by a gnoll

Illustrated notes

Levels and vault maps discovered:
D:1:      minmay_arrival_stair_chambers, layout_loops_ring,
          basic_ecumenical_altar
D:2:      layout_basic, serial_shops, nicolae_shop_bloodbath_and_beyond,
          nicolae_shop_behind_doors, nicolae_shop_hallway_stairs, uniq_natasha
D:3:      layout_loops_cross, nicolae_hepliaklqana_hippocampus,
          grunt_temple_overflow_open, serial_shops, shop, uniq_grinder,
          uniq_robin, uniq_sigmund

Skill      XL: |  1  2  3  4  5 |
---------------+----------------+-----
Throwing       | 2 3 |  3.1
Maces & Flails | 3 |  3.7
Fighting       | 2 |  2.3
Dodging        | 3 |  3.0

Action                   |  1- 3 |  4- 6 || total
-------------------------+-------+-------++-------
Melee: Flail             |   102 |    19 ||   121
       War axe           |       |    16 ||    16
       Punch             |       |     1 ||     1
Throw: Stone             |    26 |     3 ||    29
  Use: Scroll            |     1 |       ||     1
 Stab: Sleeping          |     3 |       ||     3
Armor: Robe              |    38 |    12 ||    50
Dodge: Dodged            |    61 |    36 ||    97
